 Dungeon Crawl Stone Soup version 0.17-a0-1635-gd4e48f1 (webtiles) character file.

12342 urechis the Grappler (level 11, -1/109 HPs)
             Began as a Troll Monk on Aug 4, 2015.
             Was an Elder of Jiyva.
             Slain by a komodo dragon (23 damage)
             ... on level 8 of the Dungeon.
             The game lasted 00:29:05 (10802 turns).

urechis the Grappler (Troll Monk)                  Turns: 10802, Time: 00:29:05

Health: -1/109     AC:  8    Str: 20    XL:     11   Next: 61%
Magic:  11/11      EV: 21    Int:  6    God:    Jiyva [****..]
Gold:   638        SH:  0    Dex: 16    Spells: 0 memorised, 10 levels left

rFire  . . .     SeeInvis .       - Unarmed
rCold  . . .     Clarity  .     K - +2 robe {Archmagi}
rNeg   . . .     SustAt   .     (no shield)
rPois  +         Gourm    +     (helmet restricted)
rElec  .         Spirit   .     w - +0 cloak
rCorr  +         Warding  .     (gloves unavailable)
rMut   .         Stasis   +     (boots unavailable)
MR     .....                    m - amulet of stasis
Stlth  +.........               o - ring of poison resistance
                                d - +4 ring of evasion

@: glowing, not resistant to hostile enchantments, very unstealthy
A: unfitting armour, claws 3, fast metabolism 3, gourmand, high mp 1,
regeneration 2, shaggy fur 1, tough skin 2
a: Request Jelly, Jelly Paralyse, Slimify, Renounce Religion


You were on level 8 of the Dungeon.
You worshipped Jiyva.
Jiyva was greatly pleased with you.
You were very full.

You visited 3 branches of the dungeon, and saw 22 of its levels.

You collected 638 gold pieces.

Inventory:

Missiles
 C - a throwing net (quivered)
Armour
 w - a +0 cloak (worn)
 K - a +2 robe of the Archmagi (worn)
Jewellery
 d - a +4 ring of evasion (left claw)
 m - an amulet of stasis (around neck)
 o - a ring of poison resistance (right claw)
Magical devices
 G - a wand of disintegration (7)
Scrolls
 a - 2 scrolls of torment {unknown}
 i - 6 scrolls of remove curse
 j - 4 scrolls of blinking
 n - 10 scrolls of teleportation
 p - 5 scrolls of magic mapping
 r - 2 scrolls of recharging {unknown}
 t - a scroll of enchant weapon
 y - 3 scrolls of enchant armour
 z - a scroll of summoning {unknown}
 E - a scroll of identify
 J - a scroll of fog {unknown}
Potions
 e - 2 potions of agility {unknown}
 f - a potion of magic {unknown}
 g - 3 potions of heal wounds
 l - 4 potions of curing {unknown}
 q - a potion of lignification {unknown}
 v - a potion of ambrosia {unknown}
 x - a potion of invisibility {unknown}
 A - a potion of haste {unknown}
 B - a potion of flight {unknown}
 D - 2 potions of resistance {unknown}
 H - a potion of might {unknown}
Books
 k - a book of Envenomations

   Spells                             Type                      Level
   a - Spider Form                    Transmutation/Poison         3
   b - Alistair's Intoxication        Transmutation/Poison         4
   c - Olgreb's Toxic Radiance        Poison                       4
   d - Poisonous Cloud                Conjuration/Poison/Air       6
Comestibles
 b - 11 bread rations
 s - 6 meat rations
 F - 6 beef jerkies


   Skills:
 + Level 7.1 Fighting
 - Level 10.7 Dodging
 - Level 1.1 Stealth
 * Level 12.0 Unarmed Combat


You had 10 spell levels left.
You didn't know any spells.

Dungeon Overview and Level Annotations

Branches:
Dungeon (9/15)             Temple (0/1) D:5            Lair (7/8) D:8
  Slime (6/6) Lair:7          Orc (0/4) D:9
  Swamp: Lair:3-6    Shoals: Lair:3-6     Snake: Lair:3-6    Spider: Lair:3-6

Altars:
Cheibriados
Elyvilon
Makhleb
Nemelex Xobeh
Okawaru
Qazlal
Ru
Sif Muna
Trog
Vehumet
Xom
Yredelemnul
Zin
The Shining One
Jiyva

Shops:
D:5 (   D:8 ?

Annotations:
Lair:1 orochimarko's ghost, experienced HEAM
Slime:6 Royal Jelly


Innate Abilities, Weirdness & Mutations

You are too large for most types of armour.
You have claws for hands.
Your metabolism is lightning-fast.
You like to eat raw meat.
You heal very quickly.
You are covered in fur (AC +1).
You have very tough skin (AC +2).
You have an increased reservoir of magic (+10% MP).


Message History

You closely miss the komodo dragon.
The komodo dragon is moderately wounded.
The komodo dragon misses you.
You claw the komodo dragon! x2
The komodo dragon is almost dead.
The yak gores you! The komodo dragon bites you!
* * * LOW HITPOINT WARNING * * *
You scratch the komodo dragon.
The komodo dragon is almost dead.
The yak completely misses you. The komodo dragon barely misses you.
You scratch the komodo dragon.
The komodo dragon is almost dead.
You scratch the komodo dragon but do no damage.
The komodo dragon is almost dead.
The yak barely misses you. The komodo dragon bites you.
* * * LOW HITPOINT WARNING * * *
You closely miss the komodo dragon.
The komodo dragon is almost dead.
The yak misses you. The komodo dragon bites you!!
You die...

.###.#..##.###.#.###.##.# .#
#.##..#............#+#######
.###.##..#..##.###............#
...#.##..#..##...'............#
.#.......#..##.#.#............#
##.#..#........#.######'#######
##.#..#.#...####.# #.#
.......<..>.# #l# #.#
##.#........# #@######'#######
...##+#.....####Y.............#
........#......'..............#
........#...####..............#
.......###..# #..............#
#......# #..# #....≈.........#
#......# #..# #...≈..........#
#......# #..# #..............#
#......# ##.# #.(≈≈≈≈..≈...(.#


You could see a komodo dragon and a yak.

Vanquished Creatures
  A manticore (D:9)
  Maurice (D:8)
  A black mamba (Lair:2)
  5 spiny frogs
  A troll (D:9)
  A komodo dragon (Lair:6)
  A polar bear (Lair:5)
  3 blink frogs (Lair:3)
  2 hippogriffs
  2 vampire mosquitoes (D:9)
  8 yaks
  3 hungry ghosts
  Menkaure (D:5)
  4 water moccasins
  2 porcupines (Lair:2)
  2 sky beasts
  4 ice beasts
  4 black bears
  2 crocodiles (Lair:2)
  6 orc warriors
  A phantom (D:9)
  5 ogres
  4 centaurs
  Blork the orc (D:4)
  6 giant frogs
  A gnoll sergeant (D:9)
  3 scorpions
  A wyvern skeleton (D:8)
  6 wights
  16 killer bees
  2 electric eels
  6 crimson imps
  11 orc priests
  A centaur zombie (D:5)
  A giant frog zombie (D:9)
  A hound (D:8)
  20 orc wizards
  Crazy Yiuf (D:3)
  A worker ant (D:8)
  2 centaur skeletons
  2 iguanas
  A worker ant zombie (D:9)
  7 gnolls
  5 adders
  2 shadow imps
  An adder zombie (D:8)
  An adder skeleton (D:8)
  2 worms (D:3)
  4 giant geckos
  62 orcs
  8 bats
  6 giant cockroaches
  5 goblins
  10 hobgoblins
  9 kobolds
  A giant gecko skeleton (D:4)
  3 giant newts
  16 jackals
  A jackal zombie (D:4)
  A quokka (D:8)
  2 quokka skeletons (D:4)
  7 rats
300 creatures vanquished.

Vanquished Creatures (others)
  8 acid blobs (Slime:6)
  A great orb of eyes (Slime:6)
  A giant orange brain (Slime:6)
  An orange demon (Slime:2)
  26 slime creatures
  A yak (Lair:1)
  An eye of draining (Slime:6)
  A centaur (D:9)
  An ice beast (D:9)
  A giant frog (D:9)
  A scorpion (D:9)
  A wight (D:9)
  A killer bee (D:9)
  27 jellies
  An iguana (D:9)
  2 orc priests (D:9)
  An adder zombie (D:9)
  3 orcs (D:9)
  A kobold (D:1)
  A fungus (Lair:3)
  4 plants
85 creatures vanquished.

Grand Total: 385 creatures vanquished

Notes
Turn   | Place    | Note
--------------------------------------------------------------
     0 | D:1      | urechis the Troll Monk began the quest for the Orb.
     0 | D:1      | Reached XP level 1. HP: 22/22 MP: 0/0
   135 | D:1      | Reached XP level 2. HP: 29/29 MP: 1/1
   496 | D:1      | Reached XP level 3. HP: 36/36 MP: 2/2
  1000 | D:2      | Found a shimmering altar of Xom.
  1003 | D:2      | Found a shimmering altar of Xom.
  1004 | D:2      | Found a shimmering altar of Xom.
  1005 | D:2      | Found a shimmering altar of Xom.
  1006 | D:2      | Found a shimmering altar of Xom.
  1006 | D:2      | Found a shimmering altar of Xom.
  1148 | D:2      | Reached skill level 5 in Unarmed Combat
  1209 | D:2      | Found a snail-covered altar of Cheibriados.
  1607 | D:3      | Found a sparkling altar of Nemelex Xobeh.
  1733 | D:3      | Reached XP level 4. HP: 23/45 MP: 3/3
  1948 | D:3      | Noticed a sky beast
  1959 | D:3      | Killed a sky beast
  1959 | D:3      | Reached skill level 6 in Unarmed Combat
  1959 | D:3      | Reached XP level 5. HP: 27/53 MP: 4/4
  2069 | D:3      | Noticed Crazy Yiuf
  2075 | D:3      | Killed Crazy Yiuf
  2142 | D:4      | Reached XP level 6. HP: 51/61 MP: 5/5
  2164 | D:4      | Reached skill level 7 in Unarmed Combat
  2434 | D:4      | Found a burning altar of Makhleb.
  2463 | D:4      | Reached XP level 7. HP: 41/70 MP: 6/6
  2610 | D:4      | You fall through a shaft for 3 floors!
  2709 | D:6      | Found a deep blue altar of Sif Muna.
  2710 | D:6      | Found a radiant altar of Vehumet.
  2712 | D:6      | Found a sacrificial altar of Ru.
  2797 | D:6      | Reached skill level 8 in Unarmed Combat
  2910 | D:6      | Found a stormy altar of Qazlal.
  2943 | D:5      | Entered Level 5 of the Dungeon
  3227 | D:4      | Noticed Blork the orc
  3235 | D:4      | Killed Blork the orc
  3427 | D:5      | Found an iron altar of Okawaru.
  3487 | D:5      | Found Routis's Antique Weapon Boutique.
  3526 | D:5      | Noticed Menkaure
  3534 | D:5      | Killed Menkaure
  3534 | D:5      | Reached skill level 5 in Fighting
  3534 | D:5      | Reached skill level 9 in Unarmed Combat
  3534 | D:5      | Reached XP level 8. HP: 44/80 MP: 7/7
  3585 | D:5      | Found a staircase to the Ecumenical Temple.
  3842 | D:5      | Noticed an angel
  3843 | D:5      | Found a glowing silver altar of Zin.
  4038 | D:6      | Found a basalt altar of Yredelemnul.
  4107 | D:6      | Reached skill level 10 in Unarmed Combat
  4226 | D:6      | Found a stormy altar of Qazlal.
  4314 | D:6      | Reached XP level 9. HP: 80/89 MP: 8/8
  4880 | D:7      | Reached skill level 5 in Dodging
  5325 | D:8      | Found a glowing golden altar of the Shining One.
  5452 | D:8      | Noticed Maurice
  5469 | D:8      | Killed Maurice
  5517 | D:8      | Found Deukal's Magic Scroll Emporium.
  5595 | D:8      | Found a staircase to the Lair.
  5753 | D:8      | Reached XP level 10. HP: 98/98 MP: 9/9
  5927 | Lair:1   | Entered Level 1 of the Lair of Beasts
  6314 | Lair:2   | Noticed a black mamba
  6324 | Lair:2   | Killed a black mamba
  6958 | Lair:4   | Reached skill level 10 in Dodging
  7230 | Lair:5   | Reached XP level 11. HP: 105/105 MP: 10/10
  7502 | Lair:7   | Found a staircase to the Slime Pits.
  7502 | Lair:7   | Found a viscous altar of Jiyva.
  7516 | Lair:7   | Became a worshipper of Jiyva Jiduk the Shapeless
  7516 | Lair:7   | Acquired Jiyva's first power
  7516 | Lair:7   | Acquired Jiyva's second power
  7519 | Slime:1  | Entered Level 1 of the Pits of Slime
  7523 | Slime:2  | Noticed an azure jelly
  7523 | Slime:2  | Noticed an acid blob
  7530 | Slime:2  | Noticed an azure jelly
  7534 | Slime:3  | Noticed an acid blob
  7543 | Slime:4  | Noticed an azure jelly
  7555 | Slime:6  | Entered Level 6 of the Pits of Slime
  7558 | Slime:6  | Noticed an acid blob
  7560 | Slime:6  | Noticed an acid blob
  7564 | Slime:6  | Noticed a great orb of eyes
  7567 | Slime:6  | Noticed an acid blob
  7568 | Slime:6  | Noticed an azure jelly
  7570 | Slime:6  | Found a viscous altar of Jiyva.
  7570 | Slime:6  | Noticed a great orb of eyes
  7570 | Slime:6  | Noticed an acid blob
  7572 | Slime:6  | Noticed an acid blob
  7574 | Slime:6  | Noticed the royal jelly
  7582 | Slime:6  | Noticed an azure jelly
  7585 | Slime:6  | Killed an acid blob
  7587 | Slime:6  | Killed an acid blob
  7595 | Slime:6  | Killed an acid blob
  7597 | Slime:6  | Killed a giant orange brain
  7601 | Slime:6  | Killed an acid blob
  7601 | Slime:6  | Killed an acid blob
  7605 | Slime:6  | Killed an acid blob
  7608 | Slime:6  | Noticed an acid blob
  7608 | Slime:6  | Killed a great orb of eyes
  7612 | Slime:6  | Killed an acid blob
  7679 | Slime:6  | Killed an acid blob
  7769 | Slime:2  | Noticed an acid blob
  7773 | Slime:2  | Noticed a great orb of eyes
  7948 | Lair:2   | Reached skill level 11 in Unarmed Combat
  9058 | Lair:1   | Noticed an eight-headed hydra
  9423 | D:9      | Found a staircase to the Orcish Mines.
  9866 | D:9      | Found a white marble altar of Elyvilon.
 10028 | D:9      | Found a bloodstained altar of Trog.
 10382 | D:9      | Gained mutation: You have an increased reservoir of magic (+10% MP). [Jiyva's grace]
 10389 | D:9      | Acquired Jiyva's third power
 10746 | Lair:1   | Noticed orochimarko's ghost (experienced HEAM)
 10768 | Lair:1   | Slimified an eight-headed hydra
 10768 | Lair:1   | Noticed an acid blob
 10768 | Lair:1   | an eight-headed hydra changed into an acid blob
 10778 | Lair:1   | Reached skill level 12 in Unarmed Combat
 10802 | D:8      | Slain by a komodo dragon

Vault maps used:
D:1:      dpeg_arrival_short_road
D:2:      xom_redecorated, lemuel_round_altar
D:3:      nemelex_diamond_rough_becter, uniq_crazy_yiuf_cottage
D:4:      old_standard_altar, first_bread,
          nicolae_ossuary_entry_false_entrances, hangedman_feature_mirror,
          uniq_blork_the_orc
D:5:      zin_angel, temple_statues, serial_shops, shop,
          okawaru_ov_weapons_minmay, uniq_menkaure
D:6:      yredelemnul_altar_generic, minitemple, lemuel_doored_altar,
          basic_altar, grunt_decor_clamped, corexii_checkpoint_a
D:7:      grunt_ogre_cave
D:8:      overflow_temple_1_default, lair_0_dummy, serial_shops, shop,
          uniq_maurice
D:9:      lemuel_crystal_altar, erik_orc_2, basic_altar
Lair:2:   portal_ice_cave_entry_ice_beasts
Lair:3:   gammafunk_lair_bear_cave, grunt_megastairs_2,
          infiniplex_staircase_pool_2
Lair:4:   minmay_swamp_entry_reptiles, serial_bayou_ford_a,
          grunt_forest_large_clearings
Lair:5:   spider_nest_entry_a, uniq_rupert
Lair:7:   slime_altar_1
Slime:4:  uniq_dissolution
Slime:5:  nicolae_slime_pool

Action                   |  1- 3 |  4- 6 |  7- 9 | 10-12 || total
-------------------------+-------+-------+-------+-------++-------
Melee: Unarmed           |   135 |    92 |   315 |   457 ||   999
Invok: Request Jelly     |       |       |       |    20 ||    20
       Slimify           |       |       |       |     1 ||     1
Evoke: Wand              |       |       |       |     2 ||     2
  Use: Scroll            |       |       |       |    14 ||    14
 Stab: Sleeping          |     9 |       |     3 |     2 ||    14
       Distracted        |       |       |     1 |       ||     1
  Eat: Chunk             |    17 |     9 |    36 |    36 ||    98
       Fruit             |       |       |       |     3 ||     3
       Royal jelly       |       |       |       |     1 ||     1
       Pizza             |       |       |       |     1 ||     1
